 Dungeon Crawl Stone Soup version 0.21.1-1-g345015fe64 (webtiles) character file.

1991 Gargoyl the Agent of Entropy (level 9, -10/74 HPs)
             Began as a Centaur Abyssal Knight on May 23, 2018.
             Was a Priest of Lugonu.
             Mangled by Pikel
             ... wielding a +0 whip of electrocution
              (19 damage)
             ... on level 6 of the Dungeon.
             The game lasted 00:13:13 (8116 turns).

Gargoyl the Agent of Entropy (CeAK)                 Turns: 8116, Time: 00:13:13

Health: -10/74     AC: 15    Str: 15    XL:     9   Next: 1%
Magic:  10/10      EV:  3    Int:  7    God:    Lugonu [***...]
Gold:   143        SH:  7    Dex: 12    Spells: 8/8 levels left

rFire    . . .     SeeInvis .   s - +3 spear of the Pure Demons {antimagic, *Slow +Inv rPois MP+9 Int-4}
rCold    + . .     Gourm    .   v - +0 shield
rNeg     . . .     Faith    .   r - +0 chain mail
rPois    +         Spirit   .   (no helmet)
rElec    .         Reflect  .   n - +1 cloak
rCorr    .         Harm     .   b - +1 pair of gloves
MR       .....     Clarity  +   (no barding)
Stlth    ..........             (no amulet)
HPRegen  0.22/turn              g - ring of magical power
MPRegen  0.12/turn              (no ring)

@: very quick
A: large, hooves 3, molten scales 1, clarity, cold resistance 1, deformed body,
speed 2, tough skin 3, evolution 1, no potion heal 1
a: Depart the Abyss, Bend Space, Banish, Renounce Religion, Evoke Invisibility


You were on level 6 of the Dungeon.
You worshipped Lugonu.
Lugonu was most pleased with you.
You were not hungry.

You visited 2 branches of the dungeon, and saw 7 of its levels.
You visited the Abyss 1 time.
You also visited: Ossuary.

You collected 278 gold pieces.
You spent 135 gold pieces at shops.

Inventory:

Hand Weapons
 a - a +1 hand axe
 s - the +3 spear of the Pure Demons (weapon) {antimagic, *Slow +Inv rPois MP+9 Int-4}
   (You found it on level 4 of the Dungeon)

   It reduces the magical energy of the wielder, and disrupts the spells and
   magical abilities of those hit.
   Natural abilities and divine invocations are not affected.
   It affects your intelligence (-4).
   It protects you from poison.
   It affects your magic capacity (+9).
   It lets you turn invisible.
   It may slow you when you take damage.
 C - a +1 hand axe of holy wrath
Missiles
 i - 6 javelins (quivered)
Armour
 b - a +1 pair of gloves (worn)
 n - a +1 cloak (worn)
 r - a +0 chain mail (worn)
 v - a +0 shield (worn)
Jewellery
 g - a ring of magical power (left hand)
Wands
 t - a wand of flame (8)
Scrolls
 e - a scroll of magic mapping
 k - 7 scrolls of teleportation
 l - 6 scrolls of identify
 q - a scroll of remove curse
 y - a scroll of fear
Potions
 d - 2 potions of mutation
 f - a potion of cancellation
 h - a potion of curing
 m - 2 potions of haste
 o - a potion of brilliance {unknown}
 u - 2 potions of invisibility {unknown}
 x - 2 potions of resistance {unknown}
 z - 2 potions of degeneration {unknown}
 A - a potion of berserk rage {unknown}
Books
 j - a book of Callings

   Spells                             Type                      Level
   a - Summon Small Mammal            Summoning                    1
   b - Call Imp                       Summoning                    2
   c - Call Canine Familiar           Summoning                    3
   d - Summon Guardian Golem          Hexes/Summoning              3
   e - Summon Lightning Spire         Summoning/Air                4
   f - Summon Ice Beast               Ice/Summoning                4
Comestibles
 c - 5 rations


   Skills:
 + Level 5.3 Fighting
 + Level 3.1(4.4) Axes
 + Level 4.8(5.3) Polearms
 * Level 5.0 Armour
 + Level 2.1 Dodging
 + Level 1.5 Shields
 * Level 5.5 Invocations


You had 8 spell levels left.
You didn't know any spells.

Dungeon Overview and Level Annotations

Branches:
Dungeon (6/15)             Temple (1/1) D:4

Altars:
Ashenzari
Elyvilon
Hepliaklqana
Okawaru
Sif Muna
Trog
Vehumet
Zin
The Shining One

Shops:
D:5 *

Annotations:
D:6 Pikel


Innate Abilities, Weirdness & Mutations

You have hooves in place of feet.
Armour fits poorly on your strangely shaped body.
You cover ground very quickly.
You have extremely tough skin. (AC +3)
You are partially covered in molten scales. (AC +2)
You possess an exceptional clarity of mind.
Your flesh is cold resistant. (rC+)
You evolve.
Potions are less effective at restoring your health.


Message History

Pikel cracks his whip.
Pikel hits you but does no damage.
You are electrocuted!
* * * LOW HITPOINT WARNING * * *
Unknown command.
You barely miss Pikel.
Pikel is severely wounded.
The slave hits you but does no damage. Pikel hits you but does no damage.
Unknown command.
You hit Pikel. Your kick misses Pikel.
Pikel is almost dead.
The slave hits you but does no damage.
Pikel sighs. "I should capture elves; my bodyguards all look the same!"
Pikel hits you with a whip of electrocution.
* * * LOW HITPOINT WARNING * * *
You are electrocuted!
* * * LOW HITPOINT WARNING * * *
Your system partially rejects the healing.
You feel better. You block the slave's attack.
Pikel hits you but does no damage.
You are electrocuted!
You die...

#. # .. #. #. #..#.
#.##.##..#.
#...(..... ... ...#
#.##..##########
#p@#..##.......#
##..##K#..##)......#
......pYp..##.......#
.......c...p........#
..<%#......##.......#
###........##.......#
........>.##.......#
###.........p.######
##.....####p#


You could see Pikel, a sky beast, 3 slaves and a centaur.

Vanquished Creatures
  Grinder (D:5)
  Edmund (D:5)
  Menkaure (D:4)
  The ghost of Kuruc the Magician, an amateur DEWz (D:3)
  A centaur (D:5)
  A bullfrog (D:6)
  4 water moccasin zombies (Ossuary)
  2 scorpions
  A howler monkey (D:4)
  4 crimson imps
  A bullfrog zombie (D:3)
  A hound (D:3)
  4 orc priests (D:5)
  A jelly (D:5)
  3 orc wizards
  A bullfrog skeleton (D:5)
  2 iguanas
  7 worker ants
  2 big kobold zombies (Ossuary)
  2 mummies (Ossuary)
  2 adders
  8 gnolls
  An adder skeleton (D:5)
  8 adder zombies (Ossuary)
  3 worms
  2 dart slugs
  2 leopard geckos (D:5)
  10 orcs
  2 ball pythons
  3 bats
  4 giant cockroaches
  4 goblins
  3 hobgoblins
  17 jackals
  6 kobolds
  2 quokkas
  A frilled lizard (D:4)
  4 gnoll zombies (Ossuary)
  3 hobgoblin zombies (Ossuary)
  4 kobold zombies (Ossuary)
  3 orc zombies (Ossuary)
  2 rats
135 creatures vanquished.

Vanquished Creatures (others)
  A quokka (D:3)
1 creature vanquished.

Grand Total: 136 creatures vanquished

Notes
Turn   | Place    | Note
-------+----------+-------------------------------------------
     0 | Abyss:1  | Gargoyl the Centaur Abyssal Knight began the quest for the Orb.
     0 | Abyss:1  | Reached XP level 1. HP: 19/19 MP: 2/2
     8 | Abyss:2  | Found a corrupted altar of Lugonu.
    19 | Abyss:2  | Gained mutation: Your mind is acute. (Int +2) [potion of mutation]
    19 | Abyss:2  | Gained mutation: You possess an exceptional clarity of mind. [potion of mutation]
    19 | Abyss:2  | Gained mutation: You evolve. [potion of mutation]
    53 | Abyss:3  | Noticed a small abomination
    61 | Abyss:3  | Noticed a thrashing horror
    63 | Abyss:3  | Noticed a thrashing horror
    64 | D:1      | Escaped the Abyss
   434 | D:1      | Reached * piety under Lugonu
   458 | D:1      | Reached XP level 2. HP: 9/26 MP: 3/3
  1228 | D:2      | Found a glowing golden altar of the Shining One.
  1563 | D:2      | Noticed a crimson imp
  1599 | D:2      | Gained mutation: Potions are less effective at restoring your health. [evolution]
  1632 | D:2      | Killed a crimson imp
  1632 | D:2      | Reached XP level 3. HP: 18/31 MP: 4/4
  1926 | D:2      | Found a bloodstained altar of Trog.
  2449 | D:2      | Reached XP level 4. HP: 38/38 MP: 5/5
  2898 | D:3      | Found a white marble altar of Elyvilon.
  3343 | D:3      | Reached XP level 5. HP: 17/46 MP: 7/7
  3747 | D:3      | Noticed Kuruc's ghost (amateur DEWz)
  4156 | D:3      | Lost mutation: Your mind is acute. (Int +2) [evolution]
  4202 | D:4      | Got a steaming spear
  4203 | D:4      | Identified the +3 spear of the Pure Demons {antimagic, *Slow +Inv rPois MP+9 Int-4} (You found it on level 4 of the Dungeon)
  4262 | D:4      | Reached ** piety under Lugonu
  4262 | D:4      | Reached skill level 1 in Dodging
  4480 | D:4      | Found a glowing silver altar of Zin.
  4509 | D:4      | Found a shattered altar of Ashenzari.
  4731 | D:3      | Reached XP level 6. HP: 38/52 MP: 8/8
  4981 | D:4      | Found a staircase to the Ecumenical Temple.
  5019 | D:4      | Noticed Menkaure
  5029 | Temple   | Entered the Ecumenical Temple
  5275 | D:4      | Killed Menkaure
  5275 | D:4      | Reached skill level 1 in Polearms
  5567 | D:4      | Gained mutation: You are partially covered in molten scales. (AC +2) [evolution]
  5617 | D:4      | Reached XP level 7. HP: 53/59 MP: 9/9
  5699 | D:4      | Found an iron altar of Okawaru.
  5754 | D:4      | Found a radiant altar of Vehumet.
  5908 | D:5      | Entered Level 5 of the Dungeon
  5942 | D:3      | Killed Kuruc's ghost
  6066 | D:5      | Found a sand-covered staircase.
  6113 | D:5      | Found a hazy altar of Hepliaklqana.
  6117 | Ossuary  | Entered an ossuary
  6494 | Ossuary  | Reached XP level 8. HP: 54/67 MP: 9/11
  6608 | Ossuary  | Reached skill level 1 in Shields
  6610 | Ossuary  | Reached *** piety under Lugonu
  7375 | D:5      | Noticed Grinder
  7391 | D:5      | Paralysed by Grinder for 6 turns
  7397 | D:5      | Killed Grinder
  7397 | D:5      | Reached skill level 5 in Fighting
  7397 | D:5      | Reached skill level 5 in Invocations
  7780 | D:5      | Noticed Edmund
  7801 | D:5      | Killed Edmund
  7801 | D:5      | Reached skill level 5 in Armour
  7869 | D:5      | Gained mutation: Your flesh is cold resistant. (rC+) [evolution]
  7946 | D:5      | Found Hagirig's Assorted Antiques.
  7954 | D:5      | Bought a scratched granite ring for 135 gold pieces
  8008 | D:5      | Found a deep blue altar of Sif Muna.
  8073 | D:5      | You fall through a shaft!
  8078 | D:6      | Noticed Pikel
  8093 | D:6      | Reached XP level 9. HP: 73/74 MP: 10/13
  8115 | D:6      | HP: 1/74 [Pikel/whip of electrocution (18)]
  8116 | D:6      | Mangled by Pikel

Skill      XL: |  1  2  3  4  5  6  7  8 |
---------------+-------------------------+-----
Axes           | 2 3 |  3.1
Armour         | 2 3 4 5 |  5.0
Dodging        | 1 2 |  2.1
Fighting       | 4 5 |  5.3
Invocations    | 3 4 5 |  5.5
Polearms       | 1 2 4 |  4.8
Shields        | 1 |  1.5

Action                   |  1- 3 |  4- 6 |  7- 9 || total
-------------------------+-------+-------+-------++-------
Melee: Hand axe          |    92 |    82 |    20 ||   194
       Kick              |    14 |    46 |   105 ||   165
       Spear             |       |    81 |   358 ||   439
Invok: Depart the Abyss  |     1 |       |       ||     1
  Use: Scroll            |     7 |     3 |     4 ||    14
       Potion            |     1 |     3 |     2 ||     6
  Eat: Chunk             |     3 |     5 |     2 ||    10
       Ration            |       |     1 |     2 ||     3
Armor: Leather armour    |    38 |     7 |       ||    45
       Ring mail         |       |    91 |     5 ||    96
       Chain mail        |       |       |   240 ||   240
Dodge: Dodged            |    39 |    79 |    66 ||   184
Block: Buckler           |       |    19 |    55 ||    74
       Shield            |       |       |     7 ||     7
